AoeStats
← _LY_抖音肥龙

Arena

507486616Analyzed
4v4 RM · 13d ago on Sep 18, 2026· 44m 9s· 8 players
Game mode
Random Map
Map size
Large (8 player)
Population
200
Speed
Normal
Resources
Standard
Victory
Conquest
Starting age
Dark Age
Ending age
Imperial Age
RankedLock teamsTeams togetherTeam positionsShared explorationLock speedFull tech treeHidden civsTurbo modeCheats
Victory
Defeat
🇭🇰 Persians · Hong Kong SAR China
1813
+12
🇩🇪 Burmese · Germany
1732
+15
🇬🇧 Lithuanians · United Kingdom
1731
+15
🇳🇱 Malay · Netherlands
1711
+16
🇨🇳 Aztecs · China
1845
-19
🇦🇷 Dravidians · Argentina
1821
-19
🇫🇷 Chinese · France
1629
-11
🇹🇷 Bulgarians · Türkiye
1574
-9
Lauth3
12:06 Feudal Age
12:24 Double-Bit Axe
14:51 Castle Age
13:08 Horse Collar
15:24 Bow Saw
17:27 Loom
21:07 Wheelbarrow
26:26 Imperial Age
24:43 Ballistics
25:16 Fletching
25:27 Padded Archer Armor
27:09 Chemistry
25:34 Crossbowman
26:20 Thumb Ring
26:52 Bodkin Arrow
30:02 Arbalester
31:11 Gold Mining
31:11 Stone Mining
35:14 Bracer
35:15 Padded Archer Armor
40:49 Siege Engineers
40:54 Masonry
42:01 Leather Archer Armor
43:17 Ring Archer Armor
44:44 Gold Shaft Mining
JustAGecko
9:48 Feudal Age
13:18 Castle Age
11:37 Double-Bit Axe
11:48 Horse Collar
15:53 Sanctity
16:39 Redemption
17:14 Bow Saw
18:21 Fervor
23:42 Wheelbarrow
25:11 Heavy Plow
27:15 Hand Cart
26:49 Town Watch
26:50 Loom
28:16 Gold Mining
28:17 Stone Mining
32:50 Imperial Age
32:07 Padded Archer Armor
33:24 Fortified Wall
35:19 Chemistry
35:39 Leather Archer Armor
39:41 Ring Archer Armor
39:39 Conscription
39:51 Crop Rotation
40:22 Two-Man Saw
39:59 Stone Shaft Mining
40:59 Onager
41:51 Caravan
_LY_抖音肥龙
10:31 Feudal Age
13:52 Castle Age
11:44 Double-Bit Axe
12:11 Horse Collar
17:46 Loom
22:17 Wheelbarrow
22:54 Bow Saw
24:56 Hand Cart
25:16 Heavy Plow
30:10 Imperial Age
27:47 Gold Mining
28:36 Scale Barding Armor
29:14 Gold Shaft Mining
29:46 Chain Barding Armor
29:50 Husbandry
30:01 Bloodlines
30:18 Bloodlines
29:50 Cavalier
31:33 Two-Man Saw
30:55 Conscription
31:05 Crop Rotation
32:08 Plate Barding Armor
31:16 Savar
32:14 Guilds
32:27 Forging
33:46 Iron Casting
35:49 Blast Furnace
34:50 Caravan
37:28 Stone Mining
38:35 Town Watch
39:42 Stone Shaft Mining
38:58 Fletching
39:39 Light Cavalry
40:46 Hussar
40:48 Pikeman
41:28 Squires
41:49 Bodkin Arrow
41:36 Elite War Elephant
43:49 Ballistics
44:29 Chemistry
43:30 Scale Mail Armor
44:09 Masonry
44:13 Citadels
Hisoka69
10:44 Feudal Age
9:26 Loom
14:30 Castle Age
13:20 Horse Collar
17:31 Sanctity
16:40 Pikeman
20:12 Redemption
30:17 Wheelbarrow
32:34 Hand Cart
32:22 Town Watch
35:44 Imperial Age
34:32 Scale Barding Armor
34:39 Forging
34:40 Bloodlines
34:30 Husbandry
35:02 Heavy Plow
35:06 Gold Mining
35:13 Stone Mining
36:11 Caravan
36:27 Manipur Cavalry
36:29 Howdah
36:49 Conscription
35:52 Elite Battle Elephant
37:59 Chain Barding Armor
37:31 Fletching
38:37 Iron Casting
39:44 Plate Barding Armor
39:44 Bodkin Arrow
41:27 Blast Furnace
40:29 Town Patrol
42:03 Masonry
42:18 Ballistics
43:01 Bracer
43:08 Siege Engineers
43:33 Architecture
Koti
0:36 Loom
10:46 Feudal Age
14:26 Castle Age
12:49 Double-Bit Axe
13:51 Horse Collar
14:49 Light Cavalry
20:40 Bow Saw
23:01 Heavy Plow
24:23 Wheelbarrow
24:21 Forging
25:47 Gold Mining
27:16 Hand Cart
32:12 Imperial Age
30:08 Scale Barding Armor
30:55 Iron Casting
31:14 Gold Shaft Mining
31:24 Chain Barding Armor
31:18 Devotion
32:35 Husbandry
32:45 Bloodlines
32:18 Capped Ram
33:36 Plate Barding Armor
34:01 Heavy Rocket Cart
36:11 Blast Furnace
35:20 Siege Ram
39:01 Conscription
38:32 Pikeman
39:12 Squires
39:56 Scale Mail Armor
39:17 Halberdier
41:14 Chain Mail Armor
40:22 Elite Fire Lancer
Mariann
9:58 Feudal Age
10:11 Feudal Age
11:02 Loom
14:00 Castle Age
12:12 Double-Bit Axe
19:40 Horse Collar
22:25 Heavy Plow
22:40 Bow Saw
24:36 Wheelbarrow
25:12 Heavy Plow
29:00 Hand Cart
34:56 Imperial Age
32:12 Town Watch
33:44 Fletching
33:54 Padded Archer Armor
34:16 Pikeman
35:38 Ballistics
35:58 Conscription
36:40 Two-Man Saw
35:51 Medical Corps
35:43 Bodkin Arrow
36:05 Leather Archer Armor
35:25 Halberdier
36:23 Scale Mail Armor
36:28 Bracer
36:29 Stone Mining
36:29 Gold Mining
36:29 Stone Mining
36:29 Gold Mining
38:19 Chemistry
38:59 Fortified Wall
39:29 Chain Mail Armor
39:44 Ring Archer Armor
39:30 Thumb Ring
41:27 Forging
41:48 Plate Mail Armor
41:39 Elite Elephant Archer
44:02 Iron Casting
3046964519
10:31 Feudal Age
14:29 Castle Age
12:31 Horse Collar
12:44 Double-Bit Axe
13:20 Horse Collar
17:45 Wheelbarrow
20:36 Fervor
20:48 Bow Saw
24:03 Hand Cart
25:25 Gold Mining
25:29 Stone Mining
28:25 Imperial Age
25:49 Treadmill Crane
26:19 Loom
26:29 Gambesons
26:06 Eagle Warrior
26:50 Squires
27:17 Devotion
27:45 Scale Mail Armor
27:56 Forging
28:43 Chain Mail Armor
28:38 Heavy Plow
29:40 Conscription
30:13 Plate Mail Armor
29:14 Capped Ram
30:10 Elite Eagle Warrior
31:52 Garland Wars
31:36 Siege Ram
32:10 Arson
33:30 Iron Casting
32:59 Fletching
33:55 Siege Engineers
34:57 Blast Furnace
33:34 Elite Jaguar Warrior
39:00 Ballistics
39:41 Chemistry
38:37 Bodkin Arrow
38:43 Padded Archer Armor
40:47 Bracer
41:24 Atlatl
40:48 Elite Skirmisher
42:29 Leather Archer Armor
44:35 Block Printing
44:45 Illumination
LonzoWall
10:45 Feudal Age
14:47 Castle Age
13:14 Double-Bit Axe
13:37 Horse Collar
19:42 Fletching
19:55 Loom
27:22 Wheelbarrow
26:59 Scale Barding Armor
29:23 Chain Barding Armor
31:40 Elite Skirmisher
32:16 Bodkin Arrow
32:22 Padded Archer Armor
34:11 Leather Archer Armor
36:53 Imperial Age
34:46 Gold Mining
35:08 Bow Saw
35:30 Ballistics
37:48 Thumb Ring
38:10 Parthian Tactics
37:46 Bracer
38:00 Bracer
Connection lost

Rejoining the realm…

Still unreachable

The connection could not be restored.

Session expired

The server has moved on; the page needs a fresh start.